AoeStats
← beneath mariana

African Clearing

504760070Analyzed
4v4 RM · 25d ago on Sep 6, 2026· 64m 5s· 8 players
Game mode
Random Map
Map size
Large (8 player)
Population
200
Speed
Normal
Resources
Standard
Victory
Conquest
Starting age
Dark Age
Ending age
Imperial Age
RankedLock teamsTeams togetherTeam positionsShared explorationLock speedFull tech treeHidden civsTurbo modeCheats
Victory
Defeat
🇨🇳 Gurjaras · China
1446
+17
🇨🇳 Mongols · China
1431
+17
🇭🇰 Khmer · Hong Kong SAR China
1406
+18
🇨🇳 Vietnamese · China
1366
+20
🇨🇳 Jurchens · China
1490
-19
🇨🇭 Spanish · Switzerland
1474
-19
🇨🇳 Saracens · China
1467
-18
🇹🇷 Malay · Türkiye
1408
-16
beneath mariana
11:57 Feudal Age
12:48 Loom
16:14 Castle Age
15:19 Double-Bit Axe
15:27 Fletching
16:00 Gold Mining
17:07 Town Watch
20:19 Horse Collar
26:23 Bow Saw
30:54 Wheelbarrow
31:06 Stone Mining
31:57 Bodkin Arrow
32:04 Padded Archer Armor
33:41 Leather Archer Armor
33:55 Ballistics
33:58 Husbandry
34:52 Hand Cart
35:05 Bloodlines
35:59 Heavy Plow
36:37 Gold Shaft Mining
39:42 Imperial Age
37:20 Light Cavalry
38:15 Scale Barding Armor
39:45 Chain Barding Armor
39:35 Forging
40:45 Conscription
40:13 Hussar
41:42 Bracer
42:52 Chemistry
44:03 Scale Mail Armor
44:09 Thumb Ring
44:29 Parthian Tactics
43:39 Heavy Camel Rider
46:18 Iron Casting
46:34 Coinage
45:56 Capped Ram
47:01 Elite Mangudai
49:14 Blast Furnace
50:17 Masonry
50:16 Siege Engineers
50:22 Masonry
50:57 Banking
50:26 Siege Ram
51:28 Drill
57:07 Nomads
57:43 Hoardings
60:15 Heavy Scorpion
63:03 Onager
ROYAL PIGGY
10:47 Loom
14:30 Feudal Age
16:15 Double-Bit Axe
19:01 Castle Age
21:17 Bow Saw
21:10 Gold Mining
22:56 Fletching
22:56 Horse Collar
28:50 Ballistics
32:26 Padded Archer Armor
36:10 Wheelbarrow
35:20 Town Watch
36:02 Stone Mining
38:10 Bodkin Arrow
42:27 Imperial Age
41:11 Squires
41:19 Scale Mail Armor
42:13 Hand Cart
42:42 Leather Archer Armor
43:21 Bracer
45:06 Elite Rattan Archer
47:10 Chemistry
47:26 Coinage
48:04 Elite Fire Lancer
49:07 Chain Mail Armor
48:39 Capped Ram
51:23 Two-Man Saw
56:20 Ring Archer Armor
致远Deepgame
11:31 Loom
13:18 Feudal Age
14:56 Double-Bit Axe
17:34 Castle Age
17:46 Town Watch
18:18 Scale Barding Armor
18:37 Bow Saw
19:18 Forging
23:41 Husbandry
36:10 Horse Collar
38:54 Fishing Lines
41:22 Wheelbarrow
41:31 Heavy Plow
42:17 Gillnets
48:21 Imperial Age
46:54 Chain Barding Armor
46:58 Bloodlines
47:52 Hand Cart
47:58 Gold Mining
49:44 Plate Barding Armor
49:29 Heavy Camel Rider
54:35 Elite Shrivamsha Rider
56:39 Iron Casting
56:33 Conscription
56:51 Fletching
60:43 Frontier Guards
62:30 Caravan
63:03 Coinage
64:47 Banking
65:20 Chemistry
lok914
3:07 Loom
14:21 Feudal Age
17:11 Castle Age
15:52 Double-Bit Axe
16:07 Horse Collar
19:15 Husbandry
31:55 Stone Mining
31:56 Gold Mining
36:35 Pikeman
56:42 Wheelbarrow
55:53 Town Watch
63:05 Imperial Age
60:51 Hand Cart
60:36 Town Patrol
61:19 Heavy Plow
63:36 Elite Battle Elephant
64:28 Bloodlines
63:52 Capped Ram
NorthOrigin
10:24 Loom
12:56 Feudal Age
16:50 Castle Age
14:48 Double-Bit Axe
24:33 Scale Barding Armor
30:17 Gold Mining
33:29 Chain Barding Armor
34:24 Town Watch
35:27 Wheelbarrow
38:26 Imperial Age
36:34 Stone Mining
37:19 Gold Shaft Mining
37:11 Forging
38:16 Bloodlines
38:07 Husbandry
38:51 Iron Casting
39:15 Stone Shaft Mining
39:50 Plate Barding Armor
39:39 Conscription
39:27 Elite Iron Pagoda
40:41 Hand Cart
43:45 Blast Furnace
45:40 Light Cavalry
46:28 Fletching
46:38 Hussar
47:37 Fortified Bastions
47:48 Bodkin Arrow
49:17 Bracer
50:19 Coinage
52:13 Banking
55:50 Fortified Bastions
55:52 Padded Archer Armor
57:59 Masonry
60:24 Ballistics
185双开门
4:07 Loom
13:46 Feudal Age
14:45 Town Watch
18:44 Castle Age
16:36 Double-Bit Axe
17:30 Fletching
17:43 Padded Archer Armor
29:43 Wheelbarrow
37:33 Hand Cart
40:58 Scale Barding Armor
41:03 Forging
45:38 Bow Saw
48:29 Husbandry
48:39 Bloodlines
53:46 Bodkin Arrow
54:07 Leather Archer Armor
55:04 Elite Skirmisher
55:49 Thumb Ring
60:04 Imperial Age
60:14 Imperial Age
57:35 Horse Collar
59:56 Heavy Plow
61:17 Ballistics
61:57 Chemistry
Zlap
4:37 Loom
13:29 Feudal Age
17:33 Castle Age
15:45 Double-Bit Axe
15:41 Horse Collar
18:47 Bow Saw
24:51 Padded Archer Armor
26:37 Leather Archer Armor
29:39 Husbandry
30:10 Bloodlines
31:20 Fletching
33:25 Bodkin Arrow
33:37 Town Watch
38:13 Imperial Age
35:46 Elite Skirmisher
36:28 Light Cavalry
37:20 Forging
39:10 Bracer
40:11 Conscription
41:42 Ballistics
42:33 Two-Man Saw
43:29 Wheelbarrow
44:52 Wheelbarrow
44:19 Heavy Plow
45:33 Heavy Plow
49:31 Hand Cart
49:25 Gold Mining
51:42 Hussar
52:29 Scale Barding Armor
53:00 Iron Casting
53:51 Chain Barding Armor
55:56 Blast Furnace
55:26 Ring Archer Armor
56:37 Plate Barding Armor
59:24 Thumb Ring
59:34 Masonry
60:29 Stone Mining
61:29 Town Patrol
63:32 Murder Holes
64:38 Chemistry
63:18 Pikeman
63:58 Squires
63:59 Scale Mail Armor
By.KOSAR
12:23 Feudal Age
11:57 Loom
12:01 Double-Bit Axe
15:11 Fletching
21:52 Castle Age
20:37 Padded Archer Armor
20:50 Gold Mining
20:51 Crossbowman
25:31 Ballistics
35:58 Bow Saw
35:31 Horse Collar
35:58 Man-at-Arms
36:39 Squires
36:24 Arson
37:02 Long Swordsman
38:03 Forging
38:56 Wheelbarrow
39:11 Thumb Ring
39:53 Wheelbarrow
40:37 Gold Shaft Mining
40:59 Arson
40:35 Pikeman
42:34 Iron Casting
42:16 Bodkin Arrow
42:27 Bodkin Arrow
43:21 Hand Cart
44:29 Iron Casting
49:06 Husbandry
53:04 Imperial Age
50:39 Light Cavalry
53:38 Chemistry
53:17 Heavy Plow
52:55 Onager
55:21 Blast Furnace
55:20 Arbalester
Connection lost

Rejoining the realm…

Still unreachable

The connection could not be restored.

Session expired

The server has moved on; the page needs a fresh start.